AoeStats
← Katharziz

Arabia

509437822Analyzed
1v1 RM · 7d ago on Sep 26, 2026· 21m 21s· 2 players
Game mode
Random Map
Map size
Tiny (2 player)
Population
200
Speed
Normal
Resources
Standard
Victory
Conquest
Starting age
Dark Age
Ending age
Imperial Age
RankedLock teamsTeams togetherTeam positionsShared explorationLock speedFull tech treeHidden civsTurbo modeCheats
Victory
Defeat
🇵🇱 Japanese · Poland
1088
+15
🇦🇷 Dravidians · Argentina
1071
-15
Rodrigoo
5:14 Loom
10:18 Feudal Age
10:58 Double-Bit Axe
15:26 Fletching
Katharziz
6:15 Loom
9:13 Feudal Age
9:26 Man-at-Arms
10:50 Double-Bit Axe
14:45 Horse Collar
20:56 Castle Age
19:27 Fletching
20:24 Padded Archer Armor
20:51 Bloodlines
21:58 Wheelbarrow
Connection lost

Rejoining the realm…

Still unreachable

The connection could not be restored.

Session expired

The server has moved on; the page needs a fresh start.